 Dungeon Crawl Stone Soup version 0.20-a0-1075-gc475d56 (webtiles) character file.

302 AlphabetPasta the Ruffian (level 6, 0/51 HPs)
             Began as a Ghoul Gladiator on Apr 29, 2017.
             Was a Believer of Kikubaaqudgha.
             Slain by a mummy (11 damage)
             ... in an ossuary.
             The game lasted 00:13:52 (2627 turns).

AlphabetPasta the Ruffian (Ghoul Gladiator)         Turns: 2627, Time: 00:13:53

Health: 0/51       AC: 15    Str: 18    XL:     6   Next: 37%
Magic:  5/5        EV:  6    Int:  4    God:    Kikubaaqudgha [**....]
Gold:   139        SH:  0    Dex: 11    Spells: 5/5 levels left

rFire    + . .     SeeInvis .     - Unarmed
rCold    + + .     Gourm    .   (no shield)
rNeg     + + +     Faith    .   p - +0 plate armour
rPois    ∞         Spirit   .   b - +1 helmet
rElec    +         Reflect  .   (no cloak)
rCorr    +         Harm     .   (no gloves)
MR       .....                  k - +1 pair of boots
Stlth    ..........             (no amulet)
Regen    0.0/turn               (no ring)
MPRegen  0.1/turn               (no ring)

@: confused, resistant, rotting
A: rotting body, claws 1, carnivore 3, cold resistance 1, negative energy
resistance 3, inhibited regeneration, torment resistance, unbreathing
a: Receive Corpses, Renounce Religion


You were in an ossuary.
You worshipped Kikubaaqudgha.
Kikubaaqudgha was pleased with you.
You were not hungry.

You visited 1 branch of the dungeon, and saw 4 of its levels.
You also visited: Ossuary.

You collected 139 gold pieces.

Inventory:

Missiles
 c - 2 throwing nets (quivered)
 h - 39 bolts
Armour
 a - a +0 leather armour
 b - a +1 helmet (worn)
 f - a +0 chain mail
 k - a +1 pair of boots (worn)
 p - a +0 plate armour (worn)
Jewellery
 e - an uncursed ring of protection from cold {unknown}
 l - an uncursed ring of protection from cold {unknown}
 n - a cursed ring of teleportation {unknown}
 u - an uncursed ring of ice {unknown}
Wands
 r - a wand of clouds (9/9)
Scrolls
 i - a scroll of teleportation
 m - 2 scrolls of fog
 q - a scroll of enchant weapon
Potions
 t - a potion of flight {unknown}
Books
 j - Kikubaaqudgha's Guide on Evil
   (Kikubaaqudgha gifted it to you on level 2 of the Dungeon)

   Spells                             Type                      Level
   a - Animate Skeleton               Necromancy                   1
   b - Pain                           Necromancy                   1
   c - Corpse Rot                     Necromancy                   2
   d - Vampiric Draining              Necromancy                   3
   e - Control Undead                 Necromancy                   4
Comestibles
 d - a meat ration
 g - 2 royal jellies


   Skills:
 + Level 3.3 Fighting
 - Level 1.7 Throwing
 * Level 2.1 Armour
 + Level 3.6 Dodging
 * Level 5.0 Unarmed Combat
 + Level 1.6 Necromancy
 + Level 1.2 Evocations


You had 5 spell levels left.
You didn't know any spells.

Dungeon Overview and Level Annotations

Branches:
Dungeon (4/15)
 Temple: D:4-7

Altars:
Kikubaaqudgha
Okawaru


Innate Abilities, Weirdness & Mutations

Your body is rotting away.
You thrive on raw meat.
You are immune to poison.
You have sharp fingernails.
You are carnivorous and can eat meat at any time.
Your flesh is cold resistant. (rC+)
You are immune to negative energy. (rN+++)
You do not regenerate when monsters are visible.
You are immune to unholy pain and torment.
You can survive without breathing.


Message History

The mummy hits you!
* * * LOW HITPOINT WARNING * * *
Okay, then.
There is a gate leading back out of this place here.
Eat a chunk of flesh? (ye/n/q)
You eat the chunk of flesh.
This raw flesh tastes great!
You scratch the mummy but do no damage. The mummy hits you!
* * * LOW HITPOINT WARNING * * *
Unknown command.
It was a potion of resistance.
You feel protected.
It was a potion of ambrosia.
You are confused.
You feel invigorated.
The mummy hits you but does no damage. x2
You bump into the stone wall.
The mummy barely misses you.
You closely miss the mummy. The mummy hits you!
* * * LOW HITPOINT WARNING * * *
The mummy closely misses you. The mummy hits you!
You die...
Kikubaaqudgha rasps: "You have failed me!
Welcome... oblivion!"

###
#..######
##....M.#
#...∩.M@+
##......#
#..######
###


You could see 2 mummies.

Vanquished Creatures
  A scorpion (D:4)
  A hound (D:4)
  An orc priest (D:2)
  Terence (D:2)
  A worker ant (D:3)
  A mummy (Ossuary)
  A worker ant zombie (D:3)
  3 adders
  2 worms
  A dart slug (D:1)
  4 leopard geckos
  12 orcs
  A ball python (D:1)
  3 giant cockroaches
  7 goblins
  6 hobgoblins
  5 kobolds
  2 quokkas (D:3)
  7 bats
  6 frilled lizards
  10 rats
76 creatures vanquished.

Notes
Turn   | Place    | Note
-------+----------+-------------------------------------------
     0 | D:1      | AlphabetPasta the Ghoul Gladiator began the quest for the Orb.
     0 | D:1      | Reached XP level 1. HP: 17/17 MP: 0/0
   155 | D:1      | Reached XP level 2. HP: 15/25 MP: 1/1
   724 | D:2      | Noticed Terence
   739 | D:2      | Killed Terence
   739 | D:2      | Reached skill level 4 in Unarmed Combat
   739 | D:2      | Reached XP level 3. HP: 19/29 MP: 2/2
   842 | D:2      | Found a faded altar of an unknown god.
   892 | D:2      | Reached skill level 1 in Armour
   943 | D:2      | Reached XP level 4. HP: 37/37 MP: 3/3
  1297 | D:2      | Became a worshipper of Kikubaaqudgha
  1297 | D:2      | Reached * piety under Kikubaaqudgha
  1297 | D:2      | Identified Kikubaaqudgha's Guide on Evil (Kikubaaqudgha gifted it to you on level 2 of the Dungeon)
  1297 | D:2      | Received a gift from Kikubaaqudgha
  2086 | D:3      | Reached XP level 5. HP: 35/44 MP: 4/4
  2098 | D:2      | Reached skill level 1 in Necromancy
  2164 | D:2      | Reached ** piety under Kikubaaqudgha
  2538 | D:4      | Reached XP level 6. HP: 51/51 MP: 5/5
  2553 | D:4      | Reached skill level 1 in Evocations
  2555 | D:4      | Reached skill level 5 in Unarmed Combat
  2588 | D:4      | Found an iron altar of Okawaru.
  2598 | D:4      | Found a sand-covered staircase.
  2603 | Ossuary  | Entered an ossuary
  2621 | Ossuary  | HP: 2/51 [mummy (12)]
  2627 | Ossuary  | Slain by a mummy

Vault maps used:
D:1:      zelgadis_glass_arrival_small
D:2:      minmay_wonky_spiral, chequers_ecumenical_altar_island, uniq_terence
D:4:      kennysheep_mini, enter_ossuary_2, first_bread
Ossuary:  ossuary_minmay_chase

Skill      XL: |  1  2  3  4  5  6 |
---------------+-------------------+-----
Dodging        | 3 |  3.6
Unarmed Combat | 4 5 |  5.0
Armour         | 1 2 |  2.1
Necromancy     | 1 |  1.6
Fighting       | 3 |  3.3
Evocations     | 1 |  1.2
Throwing       | |  1.7

Action                   |  1- 3 |  4- 6 || total
-------------------------+-------+-------++-------
Melee: Unarmed           |    86 |   244 ||   330
       Punch             |       |     2 ||     2
Throw: Throwing net      |       |     2 ||     2
  Use: Scroll            |     4 |     6 ||    10
       Potion            |       |     2 ||     2
  Eat: Chunk             |    10 |    36 ||    46
Armor: Leather armour    |    10 |       ||    10
       Chain mail        |    25 |    26 ||    51
       Plate armour      |       |   117 ||   117
Dodge: Dodged            |    22 |    78 ||   100
